 Dungeon Crawl Stone Soup version 0.29.0-5-ge4962eb29e (webtiles) character file.

Game seed: 8678697728172681791

1939 Flugkiller the Cleaver (level 8, -10/72 (74) HPs)
             Began as a Minotaur Fighter on Aug 29, 2022.
             Was an Initiate of Cheibriados.
             Mangled by a two-headed ogre
             ... wielding a +0 giant club
              (20 damage)
             ... on level 7 of the Dungeon.
             The game lasted 00:02:30 (5762 turns).

Flugkiller the Cleaver (Minotaur Fighter)           Turns: 5762, Time: 00:02:31

HP:   -10/72 (74)   AC: 11    Str: 28    XL:     8   Next: 97%
MP:   8/8           EV:  9    Int:  6    God:    Cheibriados [......]
Gold: 303           SH: 10    Dex: 13    Spells: 7/7 levels left

rFire   . . .      SeeInvis .   a - +0 war axe
rCold   . . .      Faith    .   c - +0 buckler
rNeg    . . .      Spirit   .   b - +0 scale mail
rPois   .          Reflect  +   A - +0 hat
rElec   .          Harm     .   (no cloak)
rCorr   .          Rampage  .   f - +1 pair of gloves
Will    +....                   l - +0 pair of boots
Stlth   ..........              q - amulet of reflection
HPRegen 0.22/turn               h - +6 ring of strength
MPRegen 0.11/turn               m - ring of willpower

@: lightly drained, very slow
A: horns 2, retaliatory headbutt
a: Renounce Religion


You were on level 7 of the Dungeon.
You worshipped Cheibriados.
Cheibriados was noncommittal.
You visited 1 branch of the dungeon, and saw 7 of its levels.

You collected 303 gold pieces.

Inventory:

Hand Weapons
 a - a +0 war axe (weapon)
Missiles
 i - 2 throwing nets
 z - 10 boomerangs (quivered)
Armour
 b - a +0 scale mail (worn)
 c - a +0 buckler (worn)
 f - a +1 pair of gloves (worn)
   (You found it on level 2 of the Dungeon)
 l - a +0 pair of boots (worn)
   (You found it on level 5 of the Dungeon)
 A - a +0 hat (worn)
   (You found it on level 4 of the Dungeon)
Jewellery
 h - a +6 ring of strength (left hand)
   (You found it on level 1 of the Dungeon)
 j - a ring of fire
   (You found it on level 5 of the Dungeon)
 m - a ring of willpower (right hand)
   (You found it on level 3 of the Dungeon)
 q - an amulet of reflection (around neck)
   (You found it on level 2 of the Dungeon)
Wands
 g - a wand of paralysis (11)
   (You found it on level 5 of the Dungeon)
Scrolls
 p - a scroll of vulnerability
 r - 3 scrolls of identify
 t - 2 scrolls of teleportation
 y - a scroll of enchant armour
 B - a scroll of silence {unknown}
 C - a scroll of blinking {unknown}
Potions
 d - 5 potions of might
 e - 2 potions of lignification {unknown}
 k - 2 potions of curing {unknown}
 n - a potion of invisibility {unknown}
 o - 3 potions of cancellation {unknown}
 s - 3 potions of magic {unknown}
 u - a potion of berserk rage {unknown}
 v - 3 potions of mutation {unknown}
 w - 2 potions of heal wounds
 x - 3 potions of haste {unknown}
 D - a potion of degeneration {unknown}


   Skills:
 + Level 7.8 Fighting
 * Level 10.1 Axes
 + Level 7.8 Armour
 - Level 3.6 Shields
 + Level 1.4 Invocations


You had 7 spell levels left.
You didn't know any spells.
Your spell library was empty.

Dungeon Overview and Level Annotations

Branches:
Dungeon (7/15)
 Temple: D:4-7

Altars:
Cheibriados
Dithmenos
Qazlal

Shops:
D:3 ?[[   D:4 *


Innate Abilities, Weirdness & Mutations

You have a pair of horns on your head.
You reflexively headbutt those who attack you in melee.


Message History

The necrophage is severely damaged.
You slash Edmund!
You feel sick. You block Edmund's attack. You block the necrophage's attack.
You hit the necrophage. Your headbutt misses the necrophage.
The necrophage is almost destroyed.
You hit Edmund but do no damage.
Edmund hits you with a +0 dire flail of draining.
You feel drained. You block the necrophage's attack.
You slash the necrophage!
You destroy the necrophage!
Cheibriados appreciates the change of pace.
You hit Edmund.
You feel sick. Edmund barely misses you. You furiously retaliate!
You headbutt Edmund.
Your Invocations skill increases to level 1!
You closely miss Edmund. You headbutt Edmund!
Edmund is heavily wounded.
You feel sick.
You are no longer poisoned.
Edmund hits you with a +0 dire flail of draining.
You feel drained.
You slash Edmund! Your headbutt misses Edmund.
Edmund is almost dead.
Edmund hits you with a +0 dire flail of draining.
You feel drained.
You closely miss Edmund. You headbutt Edmund.
Edmund is almost dead.
You block Edmund's attack.
You slash Edmund!
You kill Edmund!
Cheibriados appreciates the change of pace.
Your Axes skill increases to level 10!
No target in view!
No target in view!
Unknown command.
Things that are here:
a +0 dire flail of draining; a +0 ring mail Magic restored.
You now have 294 gold pieces (gained 17).
Found a stone staircase leading up.
There is a stone staircase leading up here.
There is an open door here.
There is an open door here.
You see here a +0 shortbow.
You see here a +0 trident.
You see here a +0 shortbow.
There is an open door here.
There is an open door here.
There is an open door here.
There is an open door here.
Done exploring.
Done exploring.
Done exploring.
No target in view!
No target in view!
No target in view!
No target in view!
No target in view!
No target in view!
No target in view!
No target in view!
No target in view!
No target in view!
(D) Dungeon
Where to? (Enter - D:6, ? - help)
There is a shadowy altar of Dithmenos here.
There is a stone staircase leading down here.
You climb downwards.
Found 9 gold pieces.
There is a stone staircase leading up here.
Unknown command.
You now have 303 gold pieces (gained 9).
A two-headed ogre comes into view. It is wielding two +0 giant clubs.
The two-headed ogre shouts in stereo!
You hear a shout! x2
A two-headed ogre is nearby!
A two-headed ogre is nearby!
A shadow imp comes into view.
The two-headed ogre hits you with a +0 giant club!
You block the two-headed ogre's attack. The shadow imp hits you.
The shadow imp closely misses you.
You slash the two-headed ogre!
The two-headed ogre is lightly wounded.
You slash the shadow imp! The two-headed ogre barely misses you.
You furiously retaliate!
You headbutt the two-headed ogre. You block the two-headed ogre's attack.
You block the shadow imp's attack.
You barely miss the shadow imp.
The shadow imp is almost dead.
You slash the two-headed ogre! You block the shadow imp's attack.
The two-headed ogre hits you with a +0 giant club!! x2
* * * LOW HITPOINT WARNING * * *
You hit the two-headed ogre.
The two-headed ogre is heavily wounded.
You hit the shadow imp.
You kill the shadow imp!
Cheibriados appreciates the change of pace.
You are too injured to fight recklessly!
You are too injured to fight recklessly!
You barely miss the two-headed ogre. You headbutt the two-headed ogre!
The two-headed ogre is heavily wounded.
The two-headed ogre hits you with a +0 giant club!!
You die...

### #.. #.# #
## #.# .#
....###.###.#
#....O....#
####@..##
+.......#
####...##
#..## #.##
#.##### #+#
#.....# #.#
#####.# #.#
#.#


You could see a two-headed ogre.

Vanquished Creatures
  Grinder (D:4)
  Edmund (D:6)
  2 sky beasts (D:6)
  A centaur (D:6)
  3 ogres
  A phantom (D:5)
  Blork the orc (D:6)
  4 necrophages
  A bullfrog (D:6)
  2 howler monkeys
  3 hounds (D:6)
  A gnoll bouda (D:5)
  An orc priest (D:4)
  An orc wizard (D:4)
  An iguana (D:5)
  Robin (D:2)
  19 gnolls
  7 adders
  A shadow imp (D:7)
  2 white imps
  3 worms
  A dart slug (D:1)
  2 orcs
  5 ball pythons
  4 bats
  10 endoplasms
  7 giant cockroaches
  13 goblins
  6 hobgoblins
  2 jackals (D:1)
  4 quokkas
  2 frilled lizards (D:2)
  8 kobolds
  3 rats
124 creatures vanquished.

Notes
Turn   | Place    | Note
-------+----------+-------------------------------------------
     0 | D:1      | Flugkiller the Minotaur Fighter began the quest for the
                  | Orb.
     0 | D:1      | Reached XP level 1. HP: 19/19 MP: 0/0
   273 | D:1      | Reached XP level 2. HP: 26/27 MP: 1/1
   288 | D:1      | Reached skill level 3 in Axes
   881 | D:2      | Reached XP level 3. HP: 29/33 MP: 2/2
  1002 | D:2      | Noticed Robin
  1024 | D:2      | Killed Robin
  1025 | D:2      | Reached skill level 4 in Axes
  1104 | D:2      | Found a faded altar of an unknown god.
  1154 | D:2      | Reached XP level 4. HP: 40/40 MP: 3/3
  1887 | D:3      | Found Biaggin's Armour Emporium.
  1974 | D:3      | Found Ynefinax's Antique Armour Shop.
  2140 | D:3      | Identified the +3 ring mail of the Turtledove {Fly rF+++
                  | rC- Dex-3}
  2181 | D:3      | Found Daoluw's Magic Scroll Shop.
  2287 | D:3      | Reached XP level 5. HP: 47/47 MP: 4/4
  2554 | D:4      | Noticed Grinder
  2555 | D:4      | Reached skill level 5 in Axes
  2567 | D:4      | Killed Grinder
  2568 | D:4      | Reached skill level 5 in Fighting
  2568 | D:4      | Reached skill level 6 in Axes
  2568 | D:4      | Reached skill level 5 in Armour
  2568 | D:4      | Reached XP level 6. HP: 41/56 MP: 5/5
  2929 | D:4      | Reached XP level 7. HP: 55/62 MP: 6/6
  3193 | D:4      | Reached skill level 7 in Axes
  3275 | D:4      | Found Rib Gaasil's Gadget Gallery.
  3486 | D:5      | Entered Level 5 of the Dungeon
  3686 | D:5      | Reached skill level 8 in Axes
  4102 | D:5      | Found a stormy altar of Qazlal.
  4339 | D:6      | Reached XP level 8. HP: 64/71 MP: 7/7
  4482 | D:6      | Reached skill level 9 in Axes
  4665 | D:6      | Noticed Blork the orc
  4672 | D:6      | Killed Blork the orc
  4894 | D:6      | Found a snail-covered altar of Cheibriados.
  4895 | D:6      | Found a shadowy altar of Dithmenos.
  4901 | D:6      | Became a worshipper of Cheibriados the Contemplative
  5317 | D:6      | Noticed Edmund
  5327 | D:6      | Reached skill level 1 in Invocations
  5330 | D:6      | Killed Edmund
  5331 | D:6      | Reached skill level 10 in Axes
  5755 | D:7      | Noticed a two-headed ogre
  5762 | D:7      | Mangled by a two-headed ogre

Illustrated notes

Levels and vault maps discovered:
D:1:      saegor_arrival_simple_e, layout_loops_ring
D:2:      minmay_skewed_foursquare, layout_loops_cross,
          nicolae_ecumenical_pavilion, uniq_robin
D:3:      layout_basic, serial_shops, shop, shop, nicolae_square_shop,
          nicolae_figureground_sparkle
D:4:      layout_basic, nicolae_shop_gadgets, uniq_grinder
D:5:      lemuel_ice_spiral_2, layout_basic, mainiacjoe_overflow_alcove_2
D:6:      layout_basic, chequers_temple_overflow_statue_of_worship,
          chequers_serial_rivers_room_a, minmay_misc_feat_iff, minmay_pentangle,
          uniq_blork_the_orc, uniq_edmund
D:7:      layout_loops_corners, trog_wizard, minmay_temple_entry_ruins,
          bh_walls_and_bars, uniq_maggie

Skill      XL: |  1  2  3  4  5  6  7  8 |
---------------+-------------------------+-----
Axes           | 3 4 6 8 10 | 10.1
Armour         | 4 5 6 7 |  7.8
Fighting       | 4 5 6 7 |  7.8
Invocations    | 1 |  1.4
Shields        | |  3.6

Action                   |  1- 3 |  4- 6 |  7- 9 || total
-------------------------+-------+-------+-------++-------
Melee: War axe           |    82 |    74 |   168 ||   324
       Headbutt          |    13 |    11 |    27 ||    51
  Use: Scroll            |       |       |     9 ||     9
Armor: Scale mail        |    41 |    14 |    81 ||   136
Dodge: Dodged            |    34 |    16 |    60 ||   110
Block: Buckler           |    13 |    32 |    81 ||   126
       Reflection        |       |     2 |     3 ||     5
